 Dungeon Crawl Stone Soup version 0.30.1-11-g7821555f0a (webtiles) character file.

Game seed: 12735584144370304873

1463794 safid the Conqueror (level 27, 214/249 HPs)
             Began as a Merfolk Ice Elementalist on Nov 20, 2023.
             Was the Champion of Vehumet.
             Escaped with the Orb
             ... and 3 runes on Dec 4, 2023!
             The game lasted 04:43:33 (89927 turns).

safid the Conqueror (Merfolk Ice Elementalist)     Turns: 89927, Time: 04:43:34

Health: 214/249    AC: 19    Str: 16    XL:     27
Magic:  39/41      EV: 25    Int: 34    God:    Vehumet [******]
Gold:   3838       SH: 17    Dex: 17    Spells: 17/55 levels left

rFire   x . .        Z - +7 demon trident (elec)
rCold   + + +        z - +3 kite shield of Fun and Games {rCorr Slay+2}
rNeg    + . .        I - +4 skin of Zhor {*Englaciate rC+++ SInv}
rPois   +            M - +2 helmet {Int+3}
rElec   +            V - +2 cloak {rPois}
rCorr   +            o - +2 pair of gloves {Str+3}
SInv    +            D - +2 pair of boots
Will    +++++        b - amulet of the Air {Inacc Air Fly rElec RMsl}
Stlth   +            i - ring of positive energy
HPRegen 0.61/turn    X - ring "Joetaem" {Will++ Str+4 Int+6 Stlth+}
MPRegen 0.27/turn

%: repel missiles
@: flying
A: (nimble swimmer 2), mertail, strong-willed 1, shaggy fur 1, wild magic 1,
heat vulnerability 1, inability to drink after injury 2
0: Orb of Zot
}: 3/15 runes: decaying, serpentine, slimy
a: Renounce Religion


You escaped.
You worshipped Vehumet.
Vehumet was exalted by your worship.
You visited 11 branches of the dungeon, and saw 51 of its levels.
You also visited: Sewer, Gauntlet, Ice Cave and Wizlab.

You collected 6026 gold pieces.
You spent 2188 gold pieces at shops.

Inventory:

Hand Weapons
 f - the +7 glaive of the Three Allies {protect, rF+ rC++ Str+3 Dex+2}
   (You found it on level 5 of the Pits of Slime)

   Str:       It affects your strength (+3).
   Dex:       It affects your dexterity (+2).
   rF:        It protects you from fire.
   rC:        It greatly protects you from cold.
 Z - a +7 demon trident of electrocution (weapon)
Missiles
 n - 11 curare-tipped darts
 x - 3 throwing nets
Armour
 o - a +2 pair of gloves of strength (worn)
 z - the +3 kite shield of Fun and Games (worn) {rCorr Slay+2}
   (You acquired it on level 3 of the Lair of Beasts)

   Slay:      It affects your accuracy & damage with ranged weapons and melee
   (+2).
   rCorr:     It protects you from acid and corrosion.
 D - a +2 pair of boots (worn)
 I - the +4 skin of Zhor (worn) {*Englaciate rC+++ SInv}
   (You found it on level 2 of the Lair of Beasts)

   *Englaciate: It radiates cold, occasionally slowing all nearby creatures who
   are not resistant to cold.
   rC:        It renders you almost immune to cold.
   SInv:      It lets you see invisible.
 M - a +2 helmet of intelligence (worn)
 V - a +2 cloak of poison resistance (worn)
Jewellery
 b - the amulet of the Air (around neck) {Inacc Air Fly rElec RMsl}
   (You found it on level 5 of the Pits of Slime)

   [amulet of nothing]

   Inacc:     It reduces the accuracy of your attacks and spells.
   Air:       It enhances your air magic.
   rElec:     It insulates you from electricity.
   Fly:       It grants you flight.
   RMsl:      It protects you from missiles.
 i - a ring of positive energy (left hand)
 W - a ring of protection from fire
 X - the ring "Joetaem" (right hand) {Will++ Str+4 Int+6 Stlth+}
   (You found it in a Gauntlet)

   [ring of intelligence]

   Str:       It affects your strength (+4).
   Int:       It affects your intelligence (+6).
   Will:      It greatly increases your willpower.
   Stlth:     It makes you more stealthy.
Wands
 e - a wand of digging (33)
 h - a wand of light (35) (quivered)
 u - a wand of charming (69)
 A - a wand of iceblast (46)
 L - a wand of polymorph (28)
 P - a wand of flame (58)
 T - a wand of mindburst (46)
Scrolls
 a - 2 scrolls of brand weapon
 c - 6 scrolls of blinking
 d - 7 scrolls of teleportation
 r - 12 scrolls of amnesia
 s - 3 scrolls of summoning
 w - 3 scrolls of silence
 E - 10 scrolls of fear
 H - 4 scrolls of fog
Potions
 j - 6 potions of berserk rage
 k - 3 potions of cancellation
 l - 26 potions of curing
 m - 9 potions of lignification
 p - 5 potions of flight
 q - 2 potions of resistance
 t - 3 potions of invisibility
 v - 8 potions of might
 B - a potion of magic
 F - 7 potions of brilliance
 G - 3 potions of haste
 N - 5 potions of ambrosia
Miscellaneous
 g - a phantom mirror
 K - a lightning rod (4/4)
 O - a box of beasts
 U - a condenser vane


   Skills:
 O Level 27 Fighting
 + Level 17.3 Polearms
 + Level 21.7 Dodging
 - Level 2.1 Stealth
 + Level 16.0 Shields
 + Level 14.8 Spellcasting
 - Level 4.0 Conjurations
 - Level 4.0 Translocations
 - Level 8.0 Transmutations
 O Level 27 Ice Magic
 - Level 4.0 Air Magic
 - Level 8.0 Evocations


You had 17 spell levels left.
You knew the following spells:

 Your Spells              Type           Power      Damage    Failure   Level
a - Irradiate             Conj/Tmut      36%        3d23      2%          5
b - Frozen Ramparts       Ice            100%       1d16      1%          3
c - Ozocubu's Armour      Ice            100%       N/A       1%          3
d - Hailstorm             Conj/Ice       100%       3d20      1%          3
e - Freezing Cloud        Conj/Ice/Air   58%        6-21      1%          5
f - Ozocubu's Refrigerat  Ice            67%        4d22      1%          7
g - Polar Vortex          Ice            67%        N/A       1%          9
h - Blink                 Tloc           100%       N/A       1%          2
i - Freeze                Ice            100%       1d10      1%          1

Your spell library contained the following spells:

 Spells                   Type           Power      Damage    Failure   Level
 Lehudib's Crystal Spear  Conj/Erth      25%        10d7      100%        8
 Maxwell's Capacitive Co  Air            40%        ∞         100%        8
 Foxfire                  Conj/Fire      100%       2x1d9     1%          1
 Magic Dart               Conj           100%       1d8       1%          1
 Sandblast                Erth           64%        2d14      1%          1
 Shock                    Conj/Air       100%       1d9       1%          1
 Sting                    Tmut/Pois      100%       1d8       1%          1
 Ensorcelled Hibernation  Hex/Ice        100%       N/A       1%          2
 Lesser Beckoning         Tloc           100%       N/A       1%          2
 Momentum Strike          Conj/Tloc      100%       3d10      1%          2
 Passwall                 Tmut/Erth      51%        N/A       1%          2
 Poisonous Vapours        Pois/Air       100%       N/A       1%          2
 Searing Ray              Conj           100%       2d8       1%          2
 Dazzling Flash           Conj/Hex       100%       N/A       1%          3
 Ignite Poison            Fire/Tmut/Pois 54%        N/A       1%          3
 Stone Arrow              Conj/Erth      100%       3d13      1%          3
 Volatile Blastmotes      Fire/Tloc      100%       2d18      1%          3
 Summon Ice Beast         Ice/Summ       100%       N/A       1%          4
 Metabolic Englaciation   Hex/Ice        50%        N/A       1%          5
 Airstrike                Air            40%        2d(6-22)  2%          4
 Iskenderun's Mystic Bla  Conj/Tloc      62%        2d13      2%          4
 Inner Flame              Hex/Fire       32%        N/A       3%          3
 Swiftness                Air            80%        N/A       3%          3
 Teleport Other           Tloc           62%        N/A       3%          3
 Simulacrum               Ice/Necr       50%        N/A       3%          6
 Necrotise                Necr           100%       1d9       4%          1
 Slow                     Hex            100%       N/A       4%          1
 Summon Small Mammal      Summ           100%       N/A       4%          1
 Cigotuvi's Dreadful Rot  Necr/Pois/Air  100%       N/A       4%          2
 Flame Wave               Conj/Fire      50%        2d12      4%          4
 Fulminant Prism          Conj/Hex       25%        3d14      4%          4
 Sticky Flame             Conj/Fire      50%        2d7       4%          4
 Blade Hands              Tmut           40%        N/A       4%          5
 Yara's Violent Unravell  Hex/Tmut       31%        3d13      5%          5
 Portal Projectile        Hex/Tloc       100%       N/A       6%          3
 Sublimation of Blood     Necr           32%        N/A       7%          2
 Passage of Golubria      Tloc           62%        N/A       8%          4
 Petrify                  Tmut/Erth      62%        N/A       8%          4
 Olgreb's Toxic Radiance  Pois           32%        N/A       10%         4
 Call Canine Familiar     Summ           32%        N/A       12%         3
 Confusing Touch          Hex            32%        N/A       12%         3
 Summon Guardian Golem    Hex/Summ       32%        N/A       12%         3
 Tukima's Dance           Hex            32%        N/A       12%         3
 Vampiric Draining        Necr           32%        2d8       12%         3
 Lee's Rapid Deconstruct  Erth           16%        3d10*     24%         5
 Conjure Ball Lightning   Conj/Air       40%        3x3d13    24%         6
 Animate Dead             Necr           32%        N/A       34%         4
 Cause Fear               Hex            16%        N/A       34%         4
 Leda's Liquefaction      Hex/Erth       16%        N/A       34%         4
 Starburst                Conj/Fire      25%        6d8       45%         6
 Agony                    Necr           32%        N/A       67%         5
 Borgnjor's Vile Clutch   Necr/Erth      16%        N/A       67%         5
 Dragon Form              Tmut           40%        N/A       71%         7
 Orb of Destruction       Conj           31%        9d10      75%         7
 Spellforged Servitor     Conj/Summ      25%        N/A       93%         7
 Death Channel            Necr           16%        N/A       99%         6
 Enfeeble                 Hex            16%        N/A       100%        7
 Malign Gateway           Summ/Tloc      25%        N/A       100%        7
 Borgnjor's Revivificati  Necr           16%        N/A       100%        8
 Discord                  Hex            16%        N/A       100%        8
 Disjunction              Tloc           31%        N/A       100%        8
 Ignition                 Fire           16%        3d6       100%        8
 Necromutation            Tmut/Necr      31%        N/A       100%        8
 Chain Lightning          Conj/Air       40%        3d53      100%        9
 Death's Door             Necr           16%        N/A       100%        9
 Dragon's Call            Summ           16%        N/A       100%        9
 Fire Storm               Conj/Fire      25%        8d6       100%        9
 Shatter                  Erth           16%        3d15*     100%        9


Dungeon Overview and Level Annotations

Branches:
Dungeon (15/15)            Temple (1/1) D:6            Lair (5/5) D:9
  Swamp (4/4) Lair:2        Snake (4/4) Lair:3        Slime (5/5) Lair:5
    Orc (2/2) D:10            Elf (2/3) Orc:2        Vaults (4/5) D:13
  Crypt (0/3) Vaults:3     Depths (4/4) D:15            Zot (5/5) Depths:4
  Sewer (visited)           IceCv (visited)          WizLab (visited)
Gauntlet (visited)

Altars:
Ashenzari
Dithmenos
Elyvilon
Fedhas
Gozag
Hepliaklqana
Kikubaaqudgha
Makhleb
Nemelex Xobeh
Qazlal
Ru
Trog
Vehumet
Wu Jian
Xom
Yredelemnul
Zin
Jiyva
Lugonu

Shops:
D:7 (   D:9 (   D:15 ?   Orc:1 [   Orc:2 *=[(   Elf:2 [*   Snake:4 (
Vaults:1 !   Depths:1 ::

Portals:
Hell: Depths:1 Depths:2 Depths:3 Depths:4
Abyss: D:10 Lair:5 Depths:1 Depths:3
Pandemonium: Depths:1 Depths:2 Depths:3
Ziggurat: Depths:3
Bazaar: Vaults:4

Annotations:
Swamp:2 2 transporters, exclusion: obsidian statue
Swamp:3 3 runed translucent doors, Aqifug's ghost, adept MiGl
Swamp:4 exclusion: 2 oklob plants
Depths:1 exclusion: obsidian statue
Depths:4 36 runed doors
Zot:1 Parghit
Zot:4 3 runed translucent doors, Cuhe's ghost, adept MeEE; Jofris Vesimp's ghost, legendary GnFE; Tatuomawusk's ghost, master VSBe; stpyramids's ghost, legendary DDFi


Innate Abilities, Weirdness & Mutations

((You are very nimble when in or above water. (Stealth+, EV+, Speed+++)))
Your lower body shifts to a powerful aquatic tail in water.
You are strong-willed. (Will+)
You are covered in fur. (AC +1)
Your spells are a little harder to cast, but a little more powerful.
You are vulnerable to heat. (rF-)
You sometimes lose the ability to drink potions when taking damage.


Message History

The Hell Sentinel is heavily wounded.
The Hell Sentinel twists and deforms.
You are very lightly contaminated with residual magic.
The Hell Sentinel hits you but does no damage.
You block the Hell Sentinel's attack.
You kill the Hell Sentinel!
Vehumet accepts your kill.
You feel your power returning.
The winds around you start to calm down.
Your icy armour cracks and falls away as you move.
You are engulfed in whirling frost.
You are engulfed in whirling frost.
The winds around you calm down.
There is a stone staircase leading up here.
You fly upwards.
There is a stone staircase leading down here.
Your magical contamination has completely faded away.
A smoke demon comes into view.
You radiate an aura of cold.
The smoke demon seems to slow down.
The smoke demon gestures at you. The sticky flame misses you.
Casting: Irradiate (mildly dangerous; 2% risk of failure)
Confirm with . or Enter, or press ? or * to list all spells.
A great freezing vortex appears around you.
The smoke demon is no longer moving slowly.
The smoke demon gestures at you. The sticky flame misses you.
Unknown command.
You radiate an aura of cold.
The smoke demon seems to slow down.
You kill the smoke demon!
Vehumet accepts your kill.
You feel your power returning.
The winds around you start to calm down.
You are engulfed in whirling frost.
The winds around you calm down.
There is an open door here.
There is an open door here.
There is an open door here.
There is a staircase leading out of the dungeon here.
You have escaped!

...†...#...# ####..# #....
#.####.#.#.########.# #....
#.#..#.#.#..........# #^..)
#.##[#.#.#..###'#♣.♣# ###....
#....#.#.#.♣#...#♣⌠♣#######......
######>..#.♣#.♣.#♣♣♣#....##.#....
#.#.#⌠♣#...# #....##......
##.#.####'##### #...>##......
#..#.# #...#@.# #....##......
#..#.#####.'..# #....##......
#.....######### #....##......
#.##....#########....##......
#.##.#...............##.#####
#.##.........##.....###.#
#..........#.##.##....#.# ###
###############.#####.#.# #..
#..........#.......# #..


There were no monsters in sight!

Vanquished Creatures
  the Royal Jelly (Slime:5)
  5 orbs of fire
  8 Killer Klowns (Zot:5)
  2 curse toes (Zot:4)
  6 caustic shrikes (Depths:2)
  10 golden dragons
  Nikola (Elf:1)
  the Enchantress (Depths:3)
  2 electric golems (Zot:5)
  A Tzitzimitl (Zot:1)
  13 tentacled monstrosities
  Jorgrun (Snake:2)
  A Hell Sentinel (D:2)
  A lich (Depths:2)
  Asterion (Snake:1)
  A walking crystal tome (Depths:2)
  23 Orb Guardians
  4 quicksilver dragons
  2 titans
  A walking frostbound tome (Depths:2)
  5 ancient champions (WizLab)
  Agnes (Snake:4)
  6 sphinxes
  14 acid blobs
  4 thorn hunters (Swamp:4)
  12 death cobs
  5 shadow dragons
  12 storm dragons
  12 rockslimes
  A tengu reaver (Depths:2)
  13 nagarajas (Snake:4)
  2 revenants (WizLab)
  3 draconian knights
  4 draconian monks
  12 vault wardens
  A deep elf sorcerer (Elf:1)
  10 azure jellies
  8 draconian scorchers
  9 fire giants
  An iron dragon (Depths:2)
  9 frost giants
  Aizul (Snake:1)
  A ghost moth (Zot:3)
  The ghost of sheffield53 the Fighter, a journeyman MiBe of Trog (Lair:5)
  A draconian stormcaller (Zot:1)
  5 draconian shifters
  16 ironbound preservers
  9 quicksilver oozes
  16 stone giants
  7 draconian annihilators
  2 cacodemons
  An orc warlord (Orc:2)
  25 very ugly things
  3 spriggan defenders (Depths:3)
  5 ironbound thunderhulks
  Nessos (D:14)
  2 war gargoyles
  4 vampire knights
  Azrael (D:14)
  6 eleionomae
  The ghost of middlethird the Lord of Darkness, a journeyman VSMo of Kikubaaqudgha (Swamp:4)
  5 bunyips
  8 black draconians
  A spectral titan (WizLab)
  The ghost of Raisev the Severer, a journeyman HOFi (Lair:1)
  9 green draconians
  17 yellow draconians
  5 halazid warlocks (WizLab)
  13 purple draconians
  A minotaur (Gauntlet)
  13 white draconians
  8 red draconians
  Snorg (Lair:3)
  4 eidola
  5 spark wasps
  3 deep elf death magi
  16 dire elephants
  2 green deaths (Depths:1)
  5 ettins
  An entropy weaver (Gauntlet)
  5 shambling mangroves
  5 fire dragons
  A spectral quicksilver dragon (WizLab)
  2 quicksilver dragon zombies (WizLab)
  2 jiangshi (WizLab)
  19 yaktaur captains
  An entropy weaver (shapeshifter) (Depths:3)
  2 crystal guardians
  A deep elf high priest (Depths:4)
  Josephine (D:14)
  10 ice dragons
  2 hell beasts
  7 rakshasas
  10 great orbs of eyes
  9 vault guards
  12 anacondas
  4 peacekeepers
  5 salamander tyrants
  2 catoblepae
  16 hydras
  A ghost crab (Swamp:3)
  6 spriggan air magi
  6 centaur warriors
  7 deep troll earth magi
  5 ironbound frosthearts
  A two-headed ogre (D:14)
  Erica (Orc:1)
  6 boulder beetles
  6 deep troll shamans
  A hell hog (Lair:5)
  10 alligators
  7 tengu warriors
  22 dancing weapons
  16 naga warriors
  15 naga sharpshooters
  4 vampire magi
  8 death yaks
  2 titan zombies (WizLab)
  2 spriggan berserkers
  15 deep elf knights
  16 spriggans
  2 orc high priests
  12 hell knights
  2 sun demons
  6 shock serpents
  2 soul eaters (Depths:1)
  A skyshark (Lair:3)
  2 shadow wraiths (WizLab)
  9 iron trolls
  2 sixfirhies
  2 bunyip zombies (Swamp:1)
  7 naga ritualists
  5 glowing orange brains
  2 salamander mystics
  14 skeletal warriors
  13 sea snakes
  67 deep trolls
  5 spriggan druids
  A spark wasp zombie (WizLab)
  2 shadow demons
  6 flayed ghosts
  4 goliath frogs
  A sea snake (shapeshifter) (Depths:2)
  An orange crystal statue (Elf:1)
  A bog body (Swamp:1)
  11 wizards
  9 swamp dragons
  9 deep elf archers
  An orb spider (shapeshifter) (Lair:5)
  9 phantasmal warriors
  27 deep elf pyromancers
  5 orc knights
  12 ironbound convokers
  16 lindwurms
  3 spectral hydras (Swamp:4)
  9 mana vipers
  18 deep elf zephyrmancers
  12 necromancers
  5 orc sorcerers
  A wolf spider zombie (WizLab)
  4 manticores
  57 ugly things
  3 large abominations (Gauntlet)
  3 spectral spriggans (WizLab)
  4 shining eyes
  4 will-o-the-wisps
  17 salamanders
  2 cyclopes (shapeshifter)
  21 moths of wrath
  2 cyclopes
  2 rust devils
  Maurice (D:9)
  4 elephants (Lair:5)
  8 guardian serpents
  37 black mambas
  4 smoke demons
  18 naga magi
  21 vault sentinels
  Maggie (D:8)
  10 cane toads
  3 torpor snails
  4 eyes of devastation
  A torpor snail (shapeshifter) (Vaults:1)
  An efreet (Depths:4)
  A hellion (Depths:1)
  3 orange demons
  4 storm dragon simulacra (IceCv)
  A gargoyle (D:10)
  10 rime drakes
  2 bunyip simulacra (Swamp:1)
  31 yaktaurs
  2 yaktaurs (shapeshifter)
  2 kobold demonologists
  5 tengu conjurers
  2 hydra zombies (Swamp:4)
  An ancient zyme (Lair:5)
  9 komodo dragons
  2 death drake zombies (Swamp:4)
  An ice devil (Depths:3)
  2 golden dragon simulacra (IceCv)
  A spectral harpy (WizLab)
  8 tyrant leeches
  2 yaktaur skeletons
  A polar bear (Lair:3)
  3 meliai (D:14)
  A bloated husk (Swamp:1)
  A harpy zombie (WizLab)
  14 trolls
  A death drake skeleton (Swamp:4)
  25 hornets
  13 blink frogs
  A blink frog (shapeshifter) (Elf:1)
  6 dream sheep (Lair:5)
  A stone giant simulacrum (Vaults:2)
  104 slime creatures
  A culicivora (shapeshifter) (Elf:2)
  9 flying skulls (WizLab)
  2 shadows
  4 water elementals
  7 wyverns
  5 fire elementals
  43 yaks
  5 wraiths
  Grum (D:8)
  10 golden eyes
  7 basilisks
  A neqoxec (Depths:2)
  A redback (Gauntlet)
  5 vampire mosquitoes (Swamp:3)
  A steam dragon (D:8)
  17 swamp worms
  4 wargs
  36 nagas
  2 hell hounds (D:14)
  5 small abominations (Gauntlet)
  2 acid dragons
  4 hydra simulacra
  18 water moccasins
  A floating eye (shapeshifter) (Vaults:2)
  An ogre skeleton (Vaults:2)
  3 sky beasts
  2 human zombies
  Duvessa (D:6)
  2 swamp dragon zombies
  4 swamp drakes
  33 orc warriors
  An alligator simulacrum (Swamp:1)
  5 black bears
  2 ice beasts
  10 boggarts
  2 ice dragon simulacra (IceCv)
  14 ogres
  11 centaurs
  A wolf (shapeshifter) (Depths:4)
  13 wolves
  2 swamp dragon skeletons (Swamp:4)
  3 kobold brigands
  17 bullfrogs
  2 earth elementals (Elf:2)
  A scorpion (D:9)
  9 wights (D:9)
  Dowan (D:6)
  4 killer bees (D:11)
  A human simulacrum (Vaults:4)
  4 lindwurm simulacra (IceCv)
  7 howler monkeys
  8 electric eels
  2 jellies
  2 gnoll boudas
  13 orc priests
  4 iguanas
  13 orc wizards
  8 gnolls
  8 adders
  2 shadow imps
  2 white imps
  A worm (D:2)
  2 dart slugs
  75 orcs
  3 bats
  4 endoplasms
  11 giant cockroaches
  6 goblins
  4 hobgoblins
  13 jackals
  4 quokkas
  3 training dummies (D:7)
  8 ball pythons
  10 frilled lizards
  20 kobolds
  9 rats
  2 lurking horrors (D:10)
2120 creatures vanquished.

Vanquished Creatures (collateral kills)
  A caustic shrike (Depths:2)
1 creature vanquished.

Vanquished Creatures (others)
  A draconian knight (Zot:1)
  A nagaraja (Snake:4)
  A vault warden (Vaults:4)
  A draconian stormcaller (Depths:4)
  An angel (D:3)
  A black draconian (Zot:4)
  2 deep elf knights (Elf:2)
  An unseen horror (D:13)
  2 bloated husks
  A flying skull (WizLab)
  A naga (Snake:4)
  12 foxfires
25 creatures vanquished.

Grand Total: 2146 creatures vanquished

Notes
Turn   | Place    | Note
-------+----------+-------------------------------------------
     0 | D:1      | safid the Merfolk Ice Elementalist began the quest for the
                  | Orb.
     0 | D:1      | Reached XP level 1. HP: 13/13 MP: 3/3
   153 | D:1      | Reached XP level 2. HP: 16/20 MP: 5/5
   296 | D:1      | Reached skill level 1 in Fighting
   796 | D:1      | Reached XP level 3. HP: 21/26 MP: 6/6
   808 | D:1      | Learned a level 3 spell: Frozen Ramparts
  1080 | D:2      | Learned a level 3 spell: Ozocubu's Armour
  1232 | D:2      | Reached skill level 5 in Ice Magic
  1232 | D:2      | Reached XP level 4. HP: 33/33 MP: 0/8
  1679 | D:3      | Noticed an angel
  1680 | D:3      | Found a glowing silver altar of Zin.
  1682 | D:3      | Found a shimmering altar of Xom.
  1746 | D:3      | Found a hazy altar of Hepliaklqana.
  1761 | D:3      | Found a stormy altar of Qazlal.
  1855 | D:3      | Reached XP level 5. HP: 15/39 MP: 7/9
  1935 | D:3      | Killed an angel
  2164 | D:3      | Found a faded altar of an unknown god.
  2560 | D:4      | Found a glowing drain.
  2576 | Sewer    | Entered a sewer
  2646 | Sewer    | Reached XP level 6. HP: 18/47 MP: 8/11
  2652 | Sewer    | Identified the staff of poison "Libyg" {rPois Str+4}
  3705 | D:5      | Entered Level 5 of the Dungeon
  3996 | D:5      | Reached XP level 7. HP: 55/55 MP: 6/13
  4646 | D:5      | Identified a scroll of acquirement
  4659 | D:5      | Acquired 380 gold pieces
  4764 | D:6      | Reached skill level 5 in Fighting
  4846 | D:6      | Found a staircase to the Ecumenical Temple.
  4855 | Temple   | Entered the Ecumenical Temple
  4864 | Temple   | Became a worshipper of Vehumet
  4916 | D:6      | Reached XP level 8. HP: 42/62 MP: 8/15
  4917 | D:6      | Reached skill level 5 in Spellcasting
  5022 | D:6      | Noticed Dowan
  5032 | D:6      | Killed Dowan
  5281 | D:6      | Noticed Duvessa
  5291 | D:6      | Killed Duvessa
  5796 | D:7      | Reached XP level 9. HP: 30/71 MP: 9/18
  6045 | D:7      | Reached * piety under Vehumet
  6045 | D:7      | Offered knowledge of Shock by Vehumet.
  6286 | D:7      | Found Uforepsus's Firing Range.
  6736 | D:8      | Noticed Maggie
  6746 | D:8      | Killed Maggie
  6941 | D:8      | Noticed Grum
  6953 | D:8      | Killed Grum
  7852 | D:9      | Reached XP level 10. HP: 82/82 MP: 14/21
  7934 | D:9      | Found Unioptof's Antique Weapon Shop.
  7934 | D:9      | Noticed Maurice
  7949 | D:9      | Killed Maurice
  7950 | D:9      | Reached skill level 10 in Ice Magic
  8263 | D:9      | Reached ** piety under Vehumet
  8270 | D:9      | Learned a level 5 spell: Freezing Cloud
  8430 | D:9      | Offered knowledge of Scorch by Vehumet.
  8459 | D:9      | Reached skill level 1 in Conjurations
  8459 | D:9      | Reached skill level 1 in Air Magic
  8796 | D:9      | Found a staircase to the Lair.
  9287 | D:9      | Found a white marble altar of Elyvilon.
  9455 | D:9      | Found a sacrificial altar of Ru.
  9455 | D:9      | Found a shadowy altar of Dithmenos.
  9919 | D:10     | Entered Level 10 of the Dungeon
  9927 | D:10     | Learned a level 3 spell: Hailstorm
  9962 | D:10     | Reached skill level 5 in Dodging
  9964 | D:10     | Reached XP level 11. HP: 63/89 MP: 20/23
 10261 | D:10     | Offered knowledge of Static Discharge by Vehumet.
 10313 | D:10     | Found a staircase to the Orcish Mines.
 10564 | D:10     | Found a corrupted altar of Lugonu.
 10572 | D:10     | Found a one-way gate to the infinite horrors of the Abyss.
 10827 | D:10     | Found a bloodstained altar of Trog.
 10987 | Lair:1   | Entered Level 1 of the Lair of Beasts
 11108 | Lair:1   | Found a runed translucent door.
 11256 | Lair:1   | Noticed Raisev's ghost (journeyman HOFi)
 11411 | Lair:1   | Reached skill level 10 in Fighting
 12116 | Lair:2   | Reached *** piety under Vehumet
 12420 | Lair:2   | Reached XP level 12. HP: 74/98 MP: 25/25
 12426 | Lair:2   | Offered knowledge of Airstrike by Vehumet.
 12617 | Lair:2   | Found the +4 skin of Zhor {*Englaciate rC+++ SInv}
 12849 | Lair:2   | Found a staircase to the Swamp.
 13705 | Lair:3   | Reached **** piety under Vehumet
 13752 | Lair:3   | Found a staircase to the Snake Pit.
 14063 | Lair:3   | Noticed Snorg
 14071 | Lair:3   | Killed Snorg
 14120 | Lair:3   | Noticed an eight-headed hydra
 14225 | Lair:3   | Killed an eight-headed hydra
 14226 | Lair:3   | Reached skill level 10 in Spellcasting
 14348 | Lair:3   | Noticed a skyshark
 14357 | Lair:3   | Killed a skyshark
 14475 | Lair:3   | Identified the +0 leather armour of Inquiry {Str+6}
 14934 | Lair:4   | Reached skill level 10 in Dodging
 14963 | Lair:4   | Found a sparkling altar of Nemelex Xobeh.
 14974 | Lair:4   | Noticed an eight-headed hydra
 14983 | Lair:4   | Reached XP level 13. HP: 94/107 MP: 23/27
 15331 | Lair:4   | Offered knowledge of Inner Flame by Vehumet.
 16404 | Lair:4   | Identified the +2 long sword of Feock {holy, Will+ Str+5
                  | Stlth+}
 17551 | Lair:5   | Entered Level 5 of the Lair of Beasts
 17782 | Lair:5   | Noticed sheffield53's ghost (journeyman MiBe)
 17886 | Lair:5   | Found a transporter.
 17933 | Lair:5   | Found a transporter.
 18037 | Lair:5   | Reached XP level 14. HP: 40/118 MP: 29/29
 18341 | Lair:5   | Found a staircase to the Slime Pits.
 19045 | Lair:5   | Reached ***** piety under Vehumet
 19876 | D:11     | Identified the +11 quarterstaff "Puserr" {heavy, rElec MP-9
                  | Int+9 Dex-3}
 20269 | D:12     | Offered knowledge of Ozocubu's Refrigeration by Vehumet.
 20280 | D:12     | Learned a level 7 spell: Ozocubu's Refrigeration
 21289 | D:12     | You fall into a shaft and drop 2 floors!
 21401 | D:14     | Noticed Azrael
 21410 | D:14     | Killed Azrael
 21455 | D:14     | Noticed Nessos
 21469 | D:14     | Killed Nessos
 21478 | D:14     | Found a gate leading to a gauntlet.
 21484 | Gauntlet | Entered a Gauntlet
 21484 | Gauntlet | Found a transporter.
 21756 | Gauntlet | Found a transporter.
 21768 | Gauntlet | Found a transporter.
 21772 | Gauntlet | Found a transporter.
 21782 | Gauntlet | Found a transporter.
 21802 | Gauntlet | Found a transporter.
 21811 | Gauntlet | Found a large runed translucent door.
 21811 | Gauntlet | Noticed a reaper
 21812 | Gauntlet | Found a large runed translucent door.
 21813 | Gauntlet | Found a large runed translucent door.
 21814 | Gauntlet | Found a runed translucent gate.
 21815 | Gauntlet | Found a transporter.
 21815 | Gauntlet | Found a runed translucent gate.
 21816 | Gauntlet | Found a runed translucent gate.
 21818 | Gauntlet | Found a large runed translucent door.
 21819 | Gauntlet | Found a large runed translucent door.
 21826 | Gauntlet | Found a large runed translucent door.
 21827 | Gauntlet | Found a large runed translucent door.
 21827 | Gauntlet | Found a large runed translucent door.
 21828 | Gauntlet | Found a large runed translucent door.
 21828 | Gauntlet | Found a large runed translucent door.
 21828 | Gauntlet | Found a runed translucent door.
 21828 | Gauntlet | Found a runed translucent door.
 21829 | Gauntlet | Found a large runed translucent door.
 21830 | Gauntlet | Found a large runed translucent door.
 21832 | Gauntlet | Found a transporter.
 21836 | Gauntlet | Found a transporter.
 21845 | Gauntlet | Found a transporter.
 21869 | Gauntlet | Found a large runed translucent door.
 21870 | Gauntlet | Found a large runed translucent door.
 21871 | Gauntlet | Found a large runed translucent door.
 21871 | Gauntlet | Found a large runed translucent door.
 21874 | Gauntlet | Found a transporter.
 21874 | Gauntlet | Found a transporter.
 22004 | Gauntlet | Reached skill level 15 in Ice Magic
 22004 | Gauntlet | Reached skill level 1 in Evocations
 22105 | Gauntlet | Identified the -2 hat "Cagit" {+Inv Str+7 Int-2 Stlth+}
 22174 | Gauntlet | Identified the amulet "Utevosche" {Spirit Str+3}
 22178 | Gauntlet | Identified the ring "Joetaem" {Will++ Str+4 Int+6 Stlth+}
 22314 | Gauntlet | Identified the staff of conjuration "Ahoirouf" {rN+}
 22451 | D:14     | Got the Spellbook of Axaxaxas mlö
 22458 | D:14     | Got Sif Muna's Catalogue of Plaster Cramp
 22662 | D:14     | Got Ts'ui Pên's Anthology of Forking Paths
 22957 | D:14     | Noticed Josephine
 22966 | D:14     | Killed Josephine
 23103 | D:13     | Reached XP level 15. HP: 127/127 MP: 21/31
 23625 | D:13     | Found a gate to the Vaults.
 23635 | D:13     | Offered knowledge of Fireball by Vehumet.
 24316 | D:13     | Reached skill level 15 in Fighting
 24909 | Orc:1    | Entered Level 1 of the Orcish Mines
 25134 | Orc:1    | Noticed Erica
 25136 | Orc:1    | Offered knowledge of Arcjolt by Vehumet.
 25138 | Orc:1    | Killed Erica
 25139 | Orc:1    | Reached skill level 5 in Evocations
 25330 | Orc:1    | Found Usiemn's Antique Armour Shoppe.
 25522 | Orc:2    | Entered Level 2 of the Orcish Mines
 26096 | Orc:2    | Noticed an orc warlord
 26123 | Orc:2    | Killed an orc warlord
 26651 | Orc:2    | Offered knowledge of Yara's Violent Unravelling by Vehumet.
 26921 | Orc:2    | Found Tocasuna's Jewellery Boutique.
 26924 | Orc:2    | Found Caurghae's Antique Weapon Boutique.
 26926 | Orc:2    | Found Torhot's Antique Armour Boutique.
 27003 | Orc:2    | Found Cecwim's General Store.
 27310 | Orc:2    | Found a staircase to the Elven Halls.
 27422 | Orc:2    | Bought a glowing cloak for 270 gold pieces
 27435 | Orc:2    | Acquired the +3 kite shield of Fun and Games {rCorr Slay+2}
 27438 | Orc:2    | Acquired the Enchiridion on Kinetic Cold
 27450 | Orc:2    | Learned a level 9 spell: Polar Vortex
 27497 | Orc:2    | Bought a brightly glowing trident for 297 gold pieces
 27497 | Orc:2    | Identified the +6 trident of the Writhing Gods {protect,
                  | rN+ Dex+3} (You bought it in a shop on level 2 of the
                  | Orcish Mines)
 27606 | Orc:2    | Bought the ring "Fekheis" {+Blink Int+6 SInv} for 540 gold
                  | pieces
 27804 | D:13     | Reached skill level 1 in Polearms
 27804 | D:13     | Reached skill level 1 in Shields
 28073 | D:15     | Entered Level 15 of the Dungeon
 28247 | D:15     | Found a staircase to the Depths.
 28675 | D:15     | Reached XP level 16. HP: 138/138 MP: 26/33
 29283 | D:15     | Found Meiguufisi's Magic Scroll Emporium.
 29290 | D:15     | Bought a scroll of blinking for 142 gold pieces
 29290 | D:15     | Bought a scroll of teleportation for 57 gold pieces
 30561 | Swamp:1  | Entered Level 1 of the Swamp
 30681 | Swamp:1  | Reached skill level 5 in Shields
 31354 | Swamp:1  | Offered knowledge of Conjure Ball Lightning by Vehumet.
 31404 | Swamp:1  | Reached skill level 5 in Polearms
 33014 | Swamp:2  | Found a transporter.
 33016 | Swamp:2  | Noticed a tentacled monstrosity
 33021 | Swamp:2  | Noticed a tentacled monstrosity
 33021 | Swamp:2  | Noticed a fenstrider witch
 33022 | Swamp:2  | Noticed a thorn hunter
 33025 | Swamp:2  | Found a transporter.
 34021 | Swamp:3  | Found a runed translucent gate.
 34021 | Swamp:3  | Found a runed translucent gate.
 34021 | Swamp:3  | Found a runed translucent gate.
 34167 | Swamp:3  | Reached XP level 17. HP: 135/145 MP: 19/34
 34298 | Swamp:3  | Noticed Aqifug's ghost (adept MiGl)
 34787 | Swamp:4  | Entered Level 4 of the Swamp
 34825 | Swamp:4  | Found a frozen archway.
 35129 | IceCv    | Entered an ice cave
 35203 | IceCv    | Found the +8 storm bow {elec, penet}
 35276 | IceCv    | HP: 3/146 [golden dragon simulacrum (9)]
 36736 | Swamp:4  | Found a runed translucent gate.
 36736 | Swamp:4  | Found a runed translucent gate.
 36736 | Swamp:4  | Found a runed translucent gate.
 36740 | Swamp:4  | Noticed middlethird's ghost (journeyman VSMo)
 37336 | Swamp:4  | Reached ****** piety under Vehumet
 38777 | Swamp:4  | Offered knowledge of Eringya's Noxious Bog by Vehumet.
 39364 | Swamp:4  | Reached skill level 10 in Shields
 39372 | Swamp:4  | Found a basalt altar of Yredelemnul.
 39380 | Swamp:4  | Got a decaying rune of Zot
 40134 | Swamp:4  | Found a blossoming altar of Fedhas.
 40417 | Snake:1  | Entered Level 1 of the Snake Pit
 40418 | Snake:1  | Noticed Asterion
 40425 | Snake:1  | Noticed an Executioner
 40426 | Snake:1  | Killed Asterion
 40640 | Snake:1  | Noticed Aizul
 40659 | Snake:1  | Killed Aizul
 40913 | Snake:1  | Reached XP level 18. HP: 155/155 MP: 22/35
 41439 | Snake:1  | Reached skill level 10 in Polearms
 42337 | Snake:2  | Noticed Jorgrun
 42356 | Snake:2  | Killed Jorgrun
 42592 | Snake:2  | Offered knowledge of Maxwell's Capacitive Coupling by
                  | Vehumet.
 43554 | Snake:2  | You fall into a shaft and drop 1 floor!
 45921 | Snake:4  | Entered Level 4 of the Snake Pit
 46100 | Snake:4  | Offered knowledge of Lehudib's Crystal Spear by Vehumet.
 46100 | Snake:4  | Offered knowledge of Maxwell's Capacitive Coupling by
                  | Vehumet.
 46189 | Snake:4  | Reached XP level 19. HP: 163/163 MP: 26/36
 46970 | Snake:4  | Noticed Agnes
 46979 | Snake:4  | Killed Agnes
 47308 | Snake:4  | Got a serpentine rune of Zot
 47839 | Snake:4  | Found Paty's Weapon Boutique.
 48842 | Depths:1 | Entered Level 1 of the Depths
 48994 | Depths:1 | Found Dime's Tremendous Tomes.
 49055 | Depths:1 | HP: 8/165 [iron troll (11)]
 49480 | Depths:1 | Found a one-way gate leading to the halls of Pandemonium.
 49740 | Depths:1 | Found Wowug's Tiny Tomes.
 50600 | Depths:1 | You fall into a shaft and drop 1 floor!
 50605 | Depths:2 | Noticed a caustic shrike
 50606 | Depths:2 | Reached XP level 20. HP: 154/174 MP: 27/37
 50609 | Depths:2 | Noticed a caustic shrike
 50610 | Depths:2 | Noticed a caustic shrike
 52816 | Depths:2 | Killed a caustic shrike
 53618 | Depths:1 | Found a gateway to Hell.
 54144 | Depths:1 | Gained mutation: You are vulnerable to cold. (rC-) [a
                  | cacodemon]
 54452 | Lair:1   | Killed Raisev's ghost
 54626 | Lair:5   | Gained mutation: You are frail. (-10% HP) [a shining eye]
 54645 | Lair:5   | Killed sheffield53's ghost
 55002 | Swamp:4  | Killed middlethird's ghost
 55245 | Vaults:1 | Entered Level 1 of the Vaults
 55726 | Vaults:1 | You fall into a shaft and drop 1 floor!
 56316 | Vaults:2 | Reached XP level 21. HP: 155/164 MP: 25/38
 56926 | Vaults:2 | Reached skill level 15 in Dodging
 57121 | Vaults:2 | Identified the +4 dagger of Karma {vamp, rF+ rCorr Int-2}
 59432 | Vaults:1 | Found Ussosiwk's Distillery.
 59435 | Vaults:1 | Bought a potion of magic for 160 gold pieces
 59435 | Vaults:1 | Bought a potion of curing for 60 gold pieces
 60651 | Vaults:3 | Found a staircase to the Crypt.
 60910 | Vaults:3 | Reached XP level 22. HP: 174/174 MP: 31/39
 62960 | Vaults:4 | Found a gateway to a bazaar.
 63966 | Elf:1    | Entered Level 1 of the Elven Halls
 64071 | Elf:1    | Learned a level 2 spell: Blink
 64072 | Elf:1    | Lost mutation: You are frail. (-10% HP) [potion of
                  | mutation]
 64072 | Elf:1    | Lost mutation: You are vulnerable to cold. (rC-) [potion of
                  | mutation]
 64072 | Elf:1    | Gained mutation: You expend magic power (3 MP) to
                  | strengthen your wands. [potion of mutation]
 64072 | Elf:1    | Gained mutation: A frigid envelope surrounds you and
                  | freezes all who hurt you. [potion of mutation]
 64386 | Elf:1    | Noticed Nikola
 64403 | Elf:1    | Killed Nikola
 65031 | Elf:2    | Found Ewaluejich's General Store.
 65039 | Elf:2    | Bought a scroll of blinking for 105 gold pieces
 65143 | Elf:2    | Reached XP level 23. HP: 209/209 MP: 37/40
 65267 | Elf:2    | Found Saihahodgh's Armour Shoppe.
 65305 | Elf:2    | Bought a +1 helmet of intelligence for 297 gold pieces
 65414 | Elf:2    | Found a runed translucent gate.
 65415 | Elf:2    | Found a runed translucent gate.
 65417 | Elf:2    | Found a runed translucent gate.
 66965 | Slime:1  | Entered Level 1 of the Pits of Slime
 69361 | Depths:2 | Killed a caustic shrike
 69460 | Depths:2 | Killed a caustic shrike
 69824 | Depths:2 | Noticed a caustic shrike
 69825 | Depths:2 | Noticed a caustic shrike
 69826 | Depths:2 | Noticed a caustic shrike
 69831 | Depths:2 | Killed a caustic shrike
 69831 | Depths:2 | Killed a caustic shrike
 69832 | Depths:2 | Killed a caustic shrike
 69844 | Depths:2 | Noticed a caustic shrike
 69851 | Depths:2 | Killed a caustic shrike
 70397 | Depths:2 | Reached XP level 24. HP: 223/223 MP: 40/40
 70748 | Depths:3 | Found a one-way gateway to a ziggurat.
 70871 | Depths:3 | Found a corrupted altar of Lugonu.
 71014 | Depths:3 | Found a magical portal.
 71023 | WizLab   | Entered Borgnjor's Mausoleum
 71694 | WizLab   | Identified the amulet of Boghiedu {Faith Regen+ SInv}
 72386 | Depths:3 | Noticed the Enchantress
 72398 | Depths:3 | Killed the Enchantress
 73186 | Depths:4 | Entered Level 4 of the Depths
 73832 | Depths:4 | Found a huge runed gate.
 73832 | Depths:4 | Found a huge runed gate.
 73832 | Depths:4 | Found a huge runed gate.
 73832 | Depths:4 | Found a huge runed gate.
 73832 | Depths:4 | Found a huge runed gate.
 73834 | Depths:4 | Found a huge runed gate.
 73834 | Depths:4 | Found a huge runed gate.
 73835 | Depths:4 | Found a huge runed gate.
 73835 | Depths:4 | Found a huge runed gate.
 73836 | Depths:4 | Found a huge runed gate.
 73911 | Depths:4 | Found a huge runed gate.
 73911 | Depths:4 | Found a huge runed gate.
 73911 | Depths:4 | Found a huge runed gate.
 73911 | Depths:4 | Found a huge runed gate.
 73911 | Depths:4 | Found a huge runed gate.
 73914 | Depths:4 | Found a huge runed gate.
 73919 | Depths:4 | Found a huge runed gate.
 73919 | Depths:4 | Found a huge runed gate.
 73919 | Depths:4 | Found a huge runed gate.
 73973 | Depths:4 | Found a huge runed gate.
 73973 | Depths:4 | Found a huge runed gate.
 73974 | Depths:4 | Found a huge runed gate.
 73975 | Depths:4 | Found a huge runed gate.
 73977 | Depths:4 | Found a huge runed gate.
 73978 | Depths:4 | Found a huge runed gate.
 73979 | Depths:4 | Found a huge runed gate.
 73980 | Depths:4 | Found a huge runed gate.
 73981 | Depths:4 | Found a huge runed gate.
 73989 | Depths:4 | Found a huge runed gate.
 73989 | Depths:4 | Found a huge runed gate.
 73989 | Depths:4 | Found a huge runed gate.
 73989 | Depths:4 | Found a huge runed gate.
 73989 | Depths:4 | Found a huge runed gate.
 73989 | Depths:4 | Found a huge runed gate.
 73990 | Depths:4 | Found a huge runed gate.
 73991 | Depths:4 | Found a huge runed gate.
 74640 | Depths:4 | Found a gate to the Realm of Zot.
 75141 | Slime:5  | Entered Level 5 of the Pits of Slime
 75231 | Slime:4  | Reached XP level 25. HP: 102/232 MP: 41/41
 75509 | Slime:5  | Reached skill level 27 in Fighting
 76154 | Slime:5  | Found a viscous altar of Jiyva.
 76188 | Slime:5  | Found the amulet of the Air {Inacc Air Fly rElec RMsl}
 76508 | Slime:5  | Gained mutation: You do not regenerate when monsters are
                  | visible. [a shining eye]
 76510 | Slime:5  | Gained mutation: You are occasionally teleported next to
                  | monsters. [a shining eye]
 76524 | Slime:5  | Noticed the Royal Jelly
 76544 | Slime:5  | Killed the Royal Jelly
 76545 | Slime:5  | Reached skill level 1 in Translocations
 76720 | Slime:5  | Got a slimy rune of Zot
 76735 | Slime:5  | Got the Vademecum on Bolts and Hail
 76756 | Slime:5  | Identified the +0 robe of Danlas {Fly}
 76757 | Slime:5  | Identified the staff of air "Nofyuch" {rElec Dex+3}
 76759 | Slime:5  | Got the Enchiridion on Terra Firma and Wanderlust
 76775 | Slime:5  | Learned a level 5 spell: Irradiate
 76775 | Slime:5  | Identified the +0 ring mail of Snakes and Ladders {Str+3
                  | Dex+5}
 76785 | Slime:5  | Identified the ring of Begutha {*Corrode rPois Will+ Slay+6
                  | Stlth+}
 76800 | Slime:5  | Identified the +0 chain mail "Selyunio" {Drain rElec rN++
                  | Str+2}
 76842 | Slime:5  | Identified the +7 glaive of the Three Allies {protect, rF+
                  | rC++ Str+3 Dex+2}
 77088 | Orc:2    | Bought a ring of positive energy for 260 gold pieces
 77088 | Orc:2    | Lost mutation: You do not regenerate when monsters are
                  | visible. [potion of mutation]
 77088 | Orc:2    | Lost mutation: A frigid envelope surrounds you and freezes
                  | all who hurt you. [potion of mutation]
 77088 | Orc:2    | Gained mutation: Your mind is acute. (Int +4, Str/Dex -1)
                  | [potion of mutation]
 77363 | Zot:1    | Entered Level 1 of the Realm of Zot
 77370 | Zot:1    | Noticed an orb of fire
 77376 | Zot:1    | Reached skill level 1 in Transmutations
 77376 | Zot:1    | Gained mutation: Your body sometimes deteriorates upon
                  | taking damage. [an orb of fire]
 77380 | Zot:1    | Gained mutation: You are clumsy. (Dex -2) [an orb of fire]
 77386 | Zot:1    | HP: 11/234 [something (9)]
 77387 | Zot:1    | Gained mutation: You occasionally lose the ability to read
                  | scrolls when taking damage. [an orb of fire]
 77389 | Zot:1    | Gained mutation: You are weak. (Str -2) [an orb of fire]
 77390 | Zot:1    | Lost mutation: Your mind is acute. (Int +4, Str/Dex -1) [an
                  | orb of fire]
 77391 | Zot:1    | Gained mutation: You occasionally lose the ability to drink
                  | potions when taking damage. [an orb of fire]
 77394 | Zot:1    | Killed an orb of fire
 77398 | Depths:4 | Lost mutation: You are occasionally teleported next to
                  | monsters. [potion of mutation]
 77398 | Depths:4 | Lost mutation: You occasionally lose the ability to drink
                  | potions when taking damage. [potion of mutation]
 77398 | Depths:4 | Gained mutation: Your spells are a little harder to cast,
                  | but a little more powerful. [potion of mutation]
 77398 | Depths:4 | Gained mutation: A frigid envelope surrounds you and
                  | freezes all who hurt you. [potion of mutation]
 77399 | Depths:4 | Lost mutation: You expend magic power (3 MP) to strengthen
                  | your wands. [potion of mutation]
 77399 | Depths:4 | Lost mutation: A frigid envelope surrounds you and freezes
                  | all who hurt you. [potion of mutation]
 77399 | Depths:4 | Lost mutation: You are weak. (Str -2) [potion of mutation]
 77399 | Depths:4 | Gained mutation: You are covered in fur. (AC +1) [potion of
                  | mutation]
 77399 | Depths:4 | Gained mutation: Your system is resistant to poisons.
                  | (rPois) [potion of mutation]
 77400 | Depths:4 | Lost mutation: You occasionally lose the ability to read
                  | scrolls when taking damage. [potion of mutation]
 77400 | Depths:4 | Lost mutation: Your body sometimes deteriorates upon taking
                  | damage. [potion of mutation]
 77400 | Depths:4 | Lost mutation: Your system is resistant to poisons. (rPois)
                  | [potion of mutation]
 77400 | Depths:4 | Gained mutation: You possess an exceptional clarity of
                  | mind. [potion of mutation]
 78240 | Zot:1    | Reached skill level 5 in Transmutations
 78861 | Zot:1    | Noticed Parghit
 79875 | Zot:2    | Noticed an orb of fire
 79889 | Zot:2    | Killed an orb of fire
 79898 | Zot:2    | Gained mutation: You occasionally lose the ability to drink
                  | potions when taking damage. [mutagenic glow]
 81390 | Zot:2    | Found a huge runed gate.
 81390 | Zot:2    | Found a huge runed gate.
 81390 | Zot:2    | Found a huge runed gate.
 81390 | Zot:2    | Found a huge runed gate.
 81390 | Zot:2    | Found a huge runed gate.
 81390 | Zot:2    | Found a huge runed gate.
 81392 | Zot:2    | Found a huge runed gate.
 81549 | Zot:2    | Found a huge runed gate.
 81549 | Zot:2    | Found a huge runed gate.
 81550 | Zot:2    | Found a huge runed gate.
 81555 | Zot:2    | Found a huge runed gate.
 81555 | Zot:2    | Found a huge runed gate.
 81555 | Zot:2    | Found a huge runed gate.
 81555 | Zot:2    | Found a huge runed gate.
 81555 | Zot:2    | Found a huge runed gate.
 81555 | Zot:2    | Found a huge runed gate.
 81556 | Zot:2    | Found a huge runed gate.
 81563 | Zot:2    | Found a huge runed gate.
 81564 | Zot:2    | Found a huge runed gate.
 81577 | Zot:2    | Found a huge runed gate.
 81577 | Zot:2    | Found a huge runed gate.
 81577 | Zot:2    | Found a huge runed gate.
 81577 | Zot:2    | Found a huge runed gate.
 81577 | Zot:2    | Found a huge runed gate.
 81577 | Zot:2    | Found a huge runed gate.
 81578 | Zot:2    | Found a huge runed gate.
 81579 | Zot:2    | Found a huge runed gate.
 81580 | Zot:2    | Found a huge runed gate.
 81638 | Zot:2    | Found a huge runed gate.
 81638 | Zot:2    | Found a huge runed gate.
 81638 | Zot:2    | Found a huge runed gate.
 81638 | Zot:2    | Found a huge runed gate.
 81638 | Zot:2    | Found a huge runed gate.
 81638 | Zot:2    | Found a huge runed gate.
 81639 | Zot:2    | Found a huge runed gate.
 81665 | Zot:2    | Found a huge runed gate.
 81996 | Zot:2    | Noticed a Killer Klown
 81997 | Zot:2    | Noticed an orb of fire
 81997 | Zot:2    | Noticed an ancient lich
 82251 | Zot:3    | Lost mutation: You possess an exceptional clarity of mind.
                  | [mutagenic glow]
 82270 | Zot:3    | Gained mutation: You occasionally shout uncontrollably at
                  | your foes. [mutagenic glow]
 82568 | Zot:3    | Reached XP level 26. HP: 242/242 MP: 37/41
 82652 | Zot:3    | Reached skill level 27 in Ice Magic
 83569 | Zot:4    | Noticed an orb of fire
 83578 | Zot:4    | Gained mutation: You are frail. (-10% HP) [an orb of fire]
 83581 | Zot:4    | Killed an orb of fire
 84948 | Zot:4    | Reached skill level 15 in Polearms
 85647 | Zot:4    | Noticed Jofris Vesimp's ghost (legendary GnFE)
 85648 | Zot:4    | Found a runed translucent gate.
 85648 | Zot:4    | Noticed Cuhe's ghost (adept MeEE)
 85649 | Zot:4    | Found a runed translucent gate.
 85653 | Zot:4    | Noticed Tatuomawusk's ghost (master VSBe)
 85833 | Zot:4    | Found a runed translucent gate.
 85835 | Zot:4    | Noticed stpyramids's ghost (legendary DDFi)
 86326 | Zot:5    | Entered Level 5 of the Realm of Zot
 86537 | Zot:5    | Reached skill level 15 in Shields
 86674 | Zot:5    | Noticed an orb of fire
 86676 | Zot:5    | Lost mutation: Your spells are a little harder to cast, but
                  | a little more powerful. [an orb of fire]
 86676 | Zot:5    | Gained mutation: Your flesh is cold resistant. (rC+) [an
                  | orb of fire]
 86683 | Zot:5    | Gained mutation: Your body sometimes deteriorates upon
                  | taking damage. [an orb of fire]
 86687 | Zot:5    | Gained mutation: You sometimes lose the ability to drink
                  | potions when taking damage. [an orb of fire]
 86689 | Zot:5    | Killed an orb of fire
 87613 | Zot:5    | Noticed a Killer Klown
 87614 | Zot:5    | Noticed a Killer Klown
 87622 | Zot:5    | Noticed a Killer Klown
 87627 | Zot:5    | Killed a Killer Klown
 87630 | Zot:5    | Noticed a Killer Klown
 87632 | Zot:5    | Killed a Killer Klown
 87632 | Zot:5    | Killed a Killer Klown
 87633 | Zot:5    | Noticed a Killer Klown
 87644 | Zot:5    | Killed a Killer Klown
 87697 | Zot:5    | Killed a Killer Klown
 87753 | Zot:5    | Noticed an orb of fire
 87763 | Zot:5    | Killed an orb of fire
 88259 | Zot:5    | Lost mutation: Your body sometimes deteriorates upon taking
                  | damage. [potion of mutation]
 88259 | Zot:5    | Lost mutation: You occasionally shout uncontrollably at
                  | your foes. [potion of mutation]
 88259 | Zot:5    | Lost mutation: Your flesh is cold resistant. (rC+) [potion
                  | of mutation]
 88260 | Zot:5    | Lost mutation: You are clumsy. (Dex -2) [potion of
                  | mutation]
 88260 | Zot:5    | Lost mutation: You are frail. (-10% HP) [potion of
                  | mutation]
 88260 | Zot:5    | Lost mutation: You sometimes lose the ability to drink
                  | potions when taking damage. [potion of mutation]
 88260 | Zot:5    | Gained mutation: You are vulnerable to heat. (rF-) [potion
                  | of mutation]
 88260 | Zot:5    | Gained mutation: You are strong-willed. (Will+) [potion of
                  | mutation]
 88260 | Zot:5    | Gained mutation: Your spells are a little harder to cast,
                  | but a little more powerful. [potion of mutation]
 88416 | Zot:5    | Noticed a Killer Klown
 88425 | Zot:5    | Killed a Killer Klown
 88578 | Zot:5    | Noticed a Killer Klown
 88606 | Zot:5    | Killed a Killer Klown
 88607 | Zot:5    | Reached XP level 27. HP: 228/249 MP: 16/41
 88670 | Zot:5    | Noticed an orb of fire
 88678 | Zot:5    | Gained mutation: You sometimes lose the ability to drink
                  | potions when taking damage. [an orb of fire]
 89334 | Zot:5    | Got the Orb of Zot
 89416 | Zot:1    | Noticed Novawagi the pandemonium lord
 89927 | D:$      | Escaped with the Orb!

Illustrated notes

Levels and vault maps discovered:
D:1:      sevenhm_arrival_forest_fort_small_3, layout_basic
D:2:      layout_loops_cross, minmay_tromino_v4_a
D:3:      layout_rooms, grunt_temple_overflow_order_and_chaos_1,
          nicolae_overflow_squiral, dreamdust_ecumenical_altar_angels_and_demons
D:4:      layout_basic, cheibrodos_sewer_entry_drain
D:5:      layout_loops_ring
D:6:      layout_cave_pools, minmay_temple_entry_statues_fountains,
          hangedman_decor_opposing, kennysheep_pointless_box,
          minmay_fractal_squares_5, uniq_duvessa
D:7:      layout_loops_cross, nicolae_shop_firing_range
D:8:      layout_basic, uniq_grum, uniq_maggie
D:9:      layout_grid_maze, elyvilon_altar_5, gammafunk_temple_overflow_pools,
          minmay_lair_entry_grove, serial_shops, shop, uniq_maurice
D:10:     layout_roguey, mainiacjoe_overflow_boulevard, david_orc_3,
          amcnicky_altar_lugonu_corruption
D:11:     layout_basic, corexii_leaking_fountain
D:12:     layout_stronghold
D:13:     layout_small_grid, lightli_vaults_fourway_checkpoint, special_room
          [special_room_orc]
D:14:     layout_basic, gauntlet_entry_generic, bh_hangedman_babel_library,
          uniq_azrael, uniq_josephine, uniq_nessos
D:15:     hangedman_depths_entry_civil_slaughter, layout_basic,
          nicolae_benzene_ring, serial_shops, shop
Temple:   nicolae_temple_ecumenical_triangle
Lair:1:   layout_loops_ring, hellmonk_ghost_happy_afterlife,
          infiniplex_staircase_pool
Lair:2:   layout_gridlike, minmay_swamp_entry_worms,
          hellmonk_guarded_unrand_zhor
Lair:3:   layout_long_grid, dummy_snake_entry, uniq_snorg
Lair:4:   nzn_winding_woodlands_large [nzn_winding_woodlands_5x5_cross,
          nzn_winding_woodlands_5x15_pockets,
          nzn_winding_woodlands_5x5_open_star,
          nzn_winding_woodlands_center_diamonds,
          nzn_winding_woodlands_15x15_five_gardens,
          nzn_winding_woodlands_center_lodge,
          nzn_winding_woodlands_5x5_checkerboard,
          nzn_winding_woodlands_5x15_parted, nzn_winding_woodlands_5x5_three],
          layout_layer_cave, basic_altar, chequers_serial_rivers_micro_e,
          serial_bayou_pond_e
Lair:5:   grunt_lair_end_beastmaster, layout_regular_city, slime_entry_1,
          gammafunk_ghost_abyssal_escape, nicolae_quartered_pool_little
Swamp:1:  layout_basic_swamp, evilmike_swamp_ruin_house_1,
          nicolae_swamp_necromancer_hut
Swamp:2:  gammafunk_sealed_arena, layout_falls_marsh, serial_swamp_ruin,
          evilmike_swamp_ruin_rubble_1, evilmike_swamp_ruin_house_4, swamp_pool2
Swamp:3:  layout_basic_swamp, ebering_ghost_rock_garden,
          evilmike_swamp_ruin_house_6, swamp_pool3
Swamp:4:  byrel_swamp_growth_death_and_undeath, layout_basic_swamp,
          portal_ice_cave_entry_dragon, gammafunk_ghost_hydra_chop, swamp_pool4,
          cheibrodos_swamp_pet_leeches
Snake:1:  layout_concentric_octagons, nicolae_snake_serpentine_hallways,
          grunt_ministairs_7, guppyfry_snake_island, uniq_asterion, uniq_aizul
Snake:2:  layout_gridlike, fake_guardian_serpent_vault, uniq_jorgrun
Snake:3:  layout_basic, chequers_hall_statues_y
Snake:4:  grunt_snake_rune_spirals, layout_concentric_octagons,
          minmay_shop_grid_forest, grunt_ministairs_14, uniq_agnes
Slime:1:  layout_caves
Slime:2:  layout_caves
Slime:3:  layout_caves
Slime:4:  layout_caves
Slime:5
Orc:1:    layout_caves, serial_shops, shop, uniq_erica
Orc:2:    grunt_orc_cross, layout_caves
Elf:1:    minmay_elf_arrival_plus, layout_geoelf_octagon,
          hangedman_elf_disciples, minivault_15, uniq_nikola
Elf:2:    nicolae_elf_blades_splatter_lattice [mumra_blade_entry_bloodbath],
          layout_onion_city, serial_shops, shop, shop_statue
Vaults:1: v_alt_pattern_6, v_rooms_6, nicolae_vaults_tetromino_T_1, st_check,
          v_misc_27, nicolae_vaults_storage_room_statues,
          nicolae_vaults_trapezoid_lopsided_3, layout_vaults_omnigrid,
          serial_shops, nicolae_shop_real_fake_doors
Vaults:2: nicolae_vaults_border_crossing, nicolae_vaults_double_plus_2,
          v_alt_pattern_5, vaults_room_fours, nicolae_vaults_network_quinsquares
          [nicolae_vaults_network_quincunx_subvault,
          nicolae_vaults_network_quincunx_subvault,
          nicolae_vaults_network_quincunx_subvault,
          nicolae_vaults_network_quincunx_subvault],
          nicolae_vaults_little_squares_4, nicolae_vaults_network_s,
          st_octagons_2, nicolae_vaults_mitosis, nicolae_vaults_tetromino_Z_2,
          vaults_room_door_ring, nicolae_vaults_asterisk,
          layout_vaults_omnicross
Vaults:3: v_pattern_1, hangedman_vaults_maws, nicolae_vaults_closet_pinwheel_1,
          v_rooms_3, v_misc_26, ontoclasm_vaults_tryst,
          minmay_crypt_entry_simple_round, nicolae_vaults_storage_closets_3,
          ontoclasm_vaults_twist, nicolae_vaults_house_1,
          nicolae_vaults_house_1, nicolae_vaults_specimen_jars,
          layout_vaults_chaotic_city
Vaults:4: nicolae_vaults_big_ls, nicolae_vaults_wine_cellar,
          nicolae_vaults_ellipses_ellipsis, ontoclasm_vaults_fault,
          nicolae_vaults_tangram_2, nicolae_vaults_variable_pillar_hall,
          nicolae_vaults_closet_pinwheel_2,
          nicolae_vaults_shipping_containers_5, nicolae_vaults_weapon_check,
          hangedman_vaults_hat, nicolae_vaults_trapezoid_3,
          nicolae_vaults_angled_halls, grunt_vaults_focal,
          grunt_vaults_hallway_short, layout_vaults_maze, serial_shops,
          statue_bzr
Depths:1: layout_small_grid, rand_demon_pan_entry_5, abyss_entry_glasseish,
          grunt_hell_entry_demonic_statue, nicolae_shop_i_like_small_books_too,
          kennysheep_path_1, minmay_misc_feat_doors,
          nicolae_shop_i_like_big_books, lemuel_flamethrower_2
Depths:2: hangedman_grunt_twisty_little_passages, layout_gridville, hell_entry,
          rand_demon_pan_entry_3
Depths:3: minmay_shoctagon, layout_gridville, enter_ziggurat_f,
          abyss_entry_flame_altar, hangedman_abyss_or_decor_stagger,
          mu_enter_wizlab_3, rand_demon_pan_entry_8, pf_coc_iceberg,
          infiniplex_staircase_pillars_1, firewood_loft, uniq_enchantress
Depths:4: grunt_zot_entry_bicorn, layout_honeycomb, minmay_misc_feat_room,
          grunt_hell_entry_dis_mu, door_vault
Zot:1:    layout_misc_corridors, uniq_parghit
Zot:2:    layout_gridlike, door_vault
Zot:3:    layout_misc_corridors
Zot:4:    layout_gridlike, gammafunk_ghost_cemetery
Zot:5:    layout_basic

Skill      XL: |  1  2  3  4  5  6  7  8  9 10 11 12 13 14 15 16 17 18 19 20 21 22 23 24 25 26 27 |
---------------+----------------------------------------------------------------------------------+-----
Fighting       | 1 2 3 4 5 6 8 9 10 11 13 14 15 16 17 18 19 20 21 23 26 27 | 27.0
Ice Magic      | 5 6 7 8 9 10 11 12 14 15 16 17 18 19 21 22 23 24 25 26 27 | 27.0
Spellcasting   | 3 4 6 7 8 9 10 11 12 13 14 | 14.8
Dodging        | 5 7 10 12 14 16 17 19 21 | 21.7
Conjurations   | 2 4 |  4.0
Air Magic      | 2 4 |  4.0
Evocations     | 3 6 8 |  8.0
Polearms       | 2 6 9 11 14 16 17 | 17.3
Shields        | 3 7 10 13 14 15 16 | 16.0
Translocations | 4 |  4.0
Transmutations | 8 |  8.0
Stealth        | |  2.1

Action                     |  1- 3 |  4- 6 |  7- 9 | 10-12 | 13-15 | 16-18 | 19-21 | 22-24 | 25-27 || total
---------------------------+-------+-------+-------+-------+-------+-------+-------+-------+-------++-------
  Melee: Dagger            |    50 |       |       |       |       |       |       |       |       ||    50
         Whip              |    13 |   165 |   144 |   213 |       |       |       |       |       ||   535
         Punch             |       |     1 |     3 |     3 |     6 |       |       |       |       ||    13
         Tailslap          |       |     3 |       |       |       |    56 |       |     1 |       ||    60
         Trident           |       |       |       |   145 |   570 |  1112 |   765 |       |       ||  2592
         Demon trident     |       |       |       |       |       |       |   654 |  1413 |   937 ||  3004
   Cast: Freeze            |    24 |    16 |    14 |    13 |    71 |       |     9 |       |       ||   147
         Frozen Ramparts   |     1 |     4 |    32 |    73 |   116 |    77 |   136 |    76 |    69 ||   584
         Ozocubu's Armour  |     1 |     4 |    24 |    55 |    83 |    92 |    93 |    71 |    64 ||   487
         Hailstorm         |       |       |       |     6 |    14 |       |     3 |       |       ||    23
         Freezing Cloud    |       |       |       |     2 |    74 |     7 |     9 |    11 |       ||   103
         Ozocubu's Refrige |       |       |       |       |    57 |   280 |   224 |   226 |   174 ||   961
         Polar Vortex      |       |       |       |       |       |       |       |    17 |    40 ||    57
         Irradiate         |       |       |       |       |       |       |       |       |    18 ||    18
  Evoke: Wand              |       |       |       |    10 |       |       |     1 |       |     5 ||    16
         Phantom mirror    |       |       |       |       |       |       |     1 |       |       ||     1
    Use: Scroll            |       |     5 |    13 |     1 |    17 |    17 |    17 |     5 |    17 ||    92
         Potion            |       |       |     1 |       |     6 |     4 |     4 |     5 |    21 ||    41
   Stab: Sleeping          |     5 |    10 |     1 |     2 |     1 |     8 |     8 |     9 |     1 ||    45
         Invisible         |       |       |       |     1 |       |       |       |       |     2 ||     3
         Distracted        |       |       |       |     1 |     1 |       |     2 |     8 |       ||    12
         Confused          |       |       |       |       |       |       |       |       |     3 ||     3
 Armour: Robe              |    16 |    36 |    78 |   119 |       |       |       |       |       ||   249
         Animal skin       |       |       |       |    37 |   289 |   536 |   324 |   334 |   313 ||  1833
  Dodge: Dodged            |    46 |   127 |   117 |   258 |   490 |   711 |   561 |   585 |   635 ||  3530
         Repelled          |       |       |       |       |       |       |       |       |    31 ||    31
  Block: Other             |       |       |       |       |    85 |       |       |       |       ||    85
         Reflection        |       |       |       |       |     9 |    45 |    51 |       |       ||   105
         Kite shield       |       |       |       |       |    76 |  1293 |  1099 |   830 |   631 ||  3929
